 Dungeon Crawl Stone Soup version 0.31-a0-960-g0fca184906 (webtiles) character file.

Game seed: 17254820888032092181

64579 p00ps00p the Severer (level 15, -3/143 HPs)
             Began as a Hill Orc Fighter on Oct 24, 2023.
             Was an Initiate of Gozag.
             Killed from afar by a lindwurm (4 damage)
             ... with a blast of flame
             ... while petrified by a catoblepas
             ... on level 5 of the Lair of Beasts.
             The game lasted 01:05:35 (38658 turns).

p00ps00p the Severer (Hill Orc Fighter)            Turns: 38658, Time: 01:05:36

Health: -3/143     AC: 21    Str: 31    XL:     15   Next: 13%
Magic:  15/15      EV:  2    Int: 10    God:    Gozag
Gold:   1004       SH:  0    Dex: 12    Spells: 14/14 levels left

rFire   . . .        A - +4 hand axe (flame)
rCold   + . .        c - +3 buckler
rNeg    + + +        p - +0 chain mail {rC+}
rPois   ∞            W - +2 helmet "Kymye" {rCorr Str+4 Int+2 Dex+2 Stlth-}
rElec   .            q - +0 cloak
rCorr   +            d - +0 pair of gloves
SInv    .            k - +0 pair of boots {Fly}
Will    ++++.        J - amulet of the Four Winds {rN+ Will+++ Clar} Stlth
                     C - ring of poison resistance
HPRegen 0.43/turn    n - ring of Shadows {Umbra +Inv Stlth+}
MPRegen 0.14/turn

%: clarity
@: petrified, flying, wreathed by umbra, studying Stealth
A: no striking features
a: Renounce Religion, Evoke Invisibility, Potion Petition, Call Merchant, Bribe
Branch


You were on level 5 of the Lair of Beasts.
You worshipped Gozag.
Gozag was most pleased with you.
You visited 3 branches of the dungeon, and saw 21 of its levels.
You also visited: Ice Cave.

You collected 5765 gold pieces.
You spent 2346 gold pieces at shops.
You paid 2415 gold pieces to Gozag.

Inventory:

Hand Weapons
 a - a +1 war axe
 z - a +3 hand axe of venom
 A - a +4 hand axe of flaming (weapon)
 L - a +3 hand axe of chaos
 X - a +1 broad axe of draining
Missiles
 I - a throwing net
Armour
 b - a +0 scale mail
 c - a +3 buckler (worn)
 d - a +0 pair of gloves (worn)
 k - a +0 pair of boots of flying (worn)
 l - a +0 pair of boots
 o - the +0 helmet of Inevitability {rElec}
   (You found it on level 6 of the Dungeon)

   rElec:     It insulates you from electricity.
 p - a +0 chain mail of cold resistance (worn)
 q - a +0 cloak (worn)
 u - a +0 chain mail
 W - the +2 helmet "Kymye" (worn) {rCorr Str+4 Int+2 Dex+2 Stlth-}
   (You bought it in a shop on level 3 of the Lair of Beasts)

   Str+4:     It affects your strength (+4).
   Int+2:     It affects your intelligence (+2).
   Dex+2:     It affects your dexterity (+2).
   rCorr:     It protects you from acid and corrosion.
   Stlth-:    It makes you less stealthy.
Jewellery
 i - a ring of protection from fire
 n - the ring of Shadows (right hand) {Umbra +Inv Stlth+}
   (You bought it in a shop on level 8 of the Dungeon)

   [ring of stealth]

   Umbra:     It surrounds you with an aura of shadow, increasing your stealth
   and reducing the accuracy of all others within it.
   +Inv:      It lets you turn invisible.
   Stlth+:    It makes you more stealthy.
 y - a ring of protection from cold
 C - a ring of poison resistance (left hand)
 G - a ring of magical power
 J - the amulet of the Four Winds (around neck) {rN+ Will+++ Clar}
   (You bought it in a shop on level 8 of the Dungeon)

   [amulet of nothing]

   rN+:       It protects you from negative energy.
   Will+++:   It greatly increases your willpower.
   Clar:      It protects you from confusion, rage, mesmerisation and fear.
 S - an amulet of the acrobat
 T - a +6 ring of strength
 V - a ring of ice
Wands
 w - a wand of paralysis (13)
 D - a wand of polymorph (13)
 F - a wand of mindburst (6)
 M - a wand of digging (4)
Scrolls
 f - a scroll of amnesia
 g - a scroll of fog
 h - 6 scrolls of vulnerability
 x - 3 scrolls of silence
 K - 2 scrolls of immolation
 N - a scroll of enchant armour
 O - 3 scrolls of identify
 Q - 2 scrolls of teleportation
 R - 2 scrolls of poison
Potions
 e - 3 potions of lignification
 j - 5 potions of attraction
 m - 3 potions of magic
 r - 3 potions of berserk rage
 s - 4 potions of mutation
 t - 3 potions of enlightenment
 v - 8 potions of curing
 B - a potion of resistance
 E - a potion of brilliance {unknown}
 H - 2 potions of degeneration
 U - 2 potions of invisibility {unknown}


   Skills:
 + Level 15.8 Fighting
 + Level 17.0 Axes
 + Level 14.6 Armour
 * Level 5.9 Stealth
 + Level 14.6 Shields


You had 14 spell levels left.
You didn't know any spells.
Your spell library contained the following spells:

 Spells                   Type           Power      Damage    Failure   Level
 Kiss of Death            Conj/Necr      0%         2d5       73%         1
 Necrotise                Necr           0%         1d4       73%         1
 Sting                    Tmut/Pois      0%         1d3       73%         1
 Ensorcelled Hibernation  Hex/Ice        0%         N/A       86%         2
 Passwall                 Tmut/Erth      0%         N/A       86%         2
 Poisonous Vapours        Pois/Air       0%         N/A       86%         2
 Confusing Touch          Hex            0%         N/A       97%         3
 Hailstorm                Conj/Ice       0%         3d3       97%         3
 Inner Flame              Hex/Fire       0%         N/A       97%         3
 Swiftness                Air            0%         N/A       97%         3
 Tukima's Dance           Hex            0%         N/A       97%         3
 Vampiric Draining        Necr           0%         2d6       97%         3
 Dimensional Bullseye     Hex/Tloc       0%         N/A       100%        4
 Dispel Undead            Necr           0%         3d6       100%        4
 Flame Wave               Conj/Fire      0%         2d4       100%        4
 Iskenderun's Mystic Bla  Conj/Tloc      0%         2d3       100%        4
 Olgreb's Toxic Radiance  Pois           0%         N/A       100%        4
 Sticky Flame             Conj/Fire      0%         2d3       100%        4
 Summon Ice Beast         Ice/Summ       0%         N/A       100%        4
 Agony                    Necr           0%         N/A       100%        5
 Summon Forest            Summ/Tloc      0%         N/A       100%        5
 Summon Mana Viper        Hex/Summ       0%         N/A       100%        5
 Summon Cactus Giant      Summ           0%         N/A       100%        6
 Simulacrum               Ice/Necr       Unusable   N/A       N/A         6

Dungeon Overview and Level Annotations

Branches:
Dungeon (15/15)            Temple (1/1) D:4            Lair (5/5) D:10
  Snake (0/4) Lair:3        Slime (0/5) Lair:5          Orc (0/2) D:10
  IceCv (visited)
  Swamp: Lair:2-3    Shoals: Lair:2-3    Vaults: D:13-14     Depths: D:15

Altars:
Ashenzari
Cheibriados
Dithmenos
Elyvilon
Fedhas
Gozag
Hepliaklqana
Kikubaaqudgha
Makhleb
Nemelex Xobeh
Okawaru
Qazlal
Ru
Sif Muna
Trog
Uskayaw
Vehumet
Wu Jian
Xom
Yredelemnul
Zin
The Shining One
Jiyva

Shops:
D:8 =   D:11 [==   D:13 [   Lair:3 *

Annotations:
D:1 1 transporter
D:10 3 transporters
D:11 exclusion: obsidian statue
D:13 3 runed translucent doors, Pusmoir's ghost, journeyman OpEE
Lair:2 exclusion: oklob plant


Message History

The catoblepas breathes a plume of calcifying dust at you.
The blast of calcifying dust hits you but does no damage.
The lindwurm breathes flames at you. The blast of flame hits you.
You block the lindwurm's attack.
The lindwurm claws you but does no damage. x2
The catoblepas attacks as it pursues you!
The catoblepas gores you but does no damage.
The lindwurm bites you!
* * * LOW HITPOINT WARNING * * *
The lindwurm claws you but does no damage. x2
The catoblepas gores you!
* * * LOW HITPOINT WARNING * * *
You have turned to stone.
The lindwurm breathes flames at you. The blast of flame hits you!!
* * * LOW HITPOINT WARNING * * *
The catoblepas breathes a plume of calcifying dust at you.
The blast of calcifying dust hits you but does no damage.
You are engulfed in calcifying dust.
The lindwurm completely misses you. x2
The lindwurm claws you but does no damage.
The catoblepas gores you!!
* * * LOW HITPOINT WARNING * * *
You are engulfed in calcifying dust.
The lindwurm bites you but does no damage.
The lindwurm claws you!
* * * LOW HITPOINT WARNING * * *
The lindwurm claws you but does no damage.
The catoblepas breathes a plume of calcifying dust at you.
The blast of calcifying dust hits you but does no damage.
You are engulfed in calcifying dust.
The catoblepas is distracted by your dazzling golden aura.
The lindwurm bites you!
* * * LOW HITPOINT WARNING * * *
The lindwurm claws you but does no damage. x2
You are engulfed in calcifying dust.
The lindwurm breathes flames at you. The blast of flame hits you!
You die...
Your body crumbles into a pile of gold.

...####.## .##....
...##....# #### #.P...
..P.#....# ...# ......
.........# ...# P #....
..###...## #####...# ..
... ...##...#
#..P#.#.#..# ...
..###...## #...#.....P#
... ....#....#
##...Yk....## ...
...##....###....@$.....#
######
.....#..###......#...###
...#P#
........###..#.###P.##
...... ........##..
#...#### ......
.........#P. #....###
......
.....##.##...#...##.##
#..... ..#.#####
#..#.###...# ###...
.#### #......#...##
#.... ..# #....#......##
#P....


You could see a catoblepas and a lindwurm (catching breath).

Vanquished Creatures
  Snorg (Lair:5)
  The ghost of lunkers the Black Belt, a journeyman MeSh of Okawaru (Lair:4)
  3 hydras
  Fannar (Lair:3)
  An ogre mage (D:15)
  A boulder beetle (D:13)
  A catoblepas (D:14)
  3 centaur warriors (D:13)
  6 two-headed ogres
  6 death yaks
  Sonja (Lair:4)
  2 skysharks
  2 deep elf pyromancers
  An orc knight (D:13)
  10 ugly things
  A wolf spider (D:13)
  A harpy (shapeshifter) (D:13)
  A salamander (Lair:3)
  2 manticores
  4 oklob plants (Lair:4)
  2 elephants (Lair:5)
  6 cyclopes
  5 centaur zombies (D:10)
  3 ice statues (IceCv)
  4 black mambas
  A torpor snail (Lair:5)
  12 cane toads
  A freezing wraith (D:13)
  4 rime drakes
  8 komodo dragons
  An anaconda simulacrum (IceCv)
  A kobold demonologist (D:13)
  An efreet (D:15)
  2 ice devils (Lair:3)
  3 polar bears
  A troll (shapeshifter) (D:13)
  4 trolls
  2 blink frogs
  A meliai zombie (D:10)
  16 dream sheep (Lair:5)
  A vampire (D:12)
  4 shadows
  7 basilisks
  A wraith (D:8)
  47 yaks
  6 wyverns
  3 steam dragons
  A death yak simulacrum (IceCv)
  4 vampire mosquitoes (D:11)
  A naga (Lair:3)
  A harpy simulacrum (IceCv)
  11 water moccasins
  An acid dragon (D:10)
  A hydra simulacrum (IceCv)
  2 black bears
  A sky beast (D:8)
  4 orc warriors
  An ice beast (D:7)
  19 centaurs
  5 ogres
  4 boggarts (Lair:5)
  13 wolves
  4 phantoms
  4 kobold brigands
  A gnoll sergeant (D:6)
  16 bullfrogs
  A necrophage (D:10)
  2 scorpions (D:6)
  A cane toad simulacrum (IceCv)
  10 wights
  A troll zombie (D:10)
  An elephant simulacrum (IceCv)
  6 killer bees
  3 electric eels (D:11)
  A human zombie (D:10)
  3 hounds
  4 jellies
  A gnoll bouda (D:5)
  Crazy Yiuf (D:3)
  6 orc priests
  A sleepcap (D:7)
  Jessica (D:2)
  4 iguanas (D:5)
  13 orc wizards
  6 hell rats (Lair:3)
  A polar bear simulacrum (IceCv)
  7 ogre zombies (D:10)
  2 mummies (D:10)
  4 gnolls (D:5)
  7 adders
  2 white imps
  2 worms
  A dart slug (D:3)
  40 orcs
  11 endoplasms
  6 giant cockroaches
  13 goblins
  8 hobgoblins
  10 jackals
  25 kobolds
  6 quokkas
  9 ball pythons
  9 bats
  4 frilled lizards
  4 gnoll skeletons (D:10)
  5 orc skeletons (D:10)
  16 orc zombies (D:10)
  2 rats (D:1)
550 creatures vanquished.

Vanquished Creatures (others)
  A killer bee (D:8)
  An orc wizard (D:9)
2 creatures vanquished.

Grand Total: 552 creatures vanquished

Notes
Turn   | Place    | Note
-------+----------+-------------------------------------------
     0 | D:1      | p00ps00p the Hill Orc Fighter began the quest for the Orb.
     0 | D:1      | Reached XP level 1. HP: 19/19 MP: 1/1
    74 | D:1      | Reached XP level 2. HP: 15/27 MP: 2/2
    75 | D:1      | Reached skill level 3 in Axes
   379 | D:1      | Reached XP level 3. HP: 32/33 MP: 3/3
  1034 | D:2      | Noticed Jessica
  1044 | D:2      | Killed Jessica
  1045 | D:2      | Reached XP level 4. HP: 34/41 MP: 4/4
  1423 | D:3      | Reached skill level 4 in Axes
  1467 | D:3      | Reached XP level 5. HP: 40/47 MP: 5/5
  1868 | D:3      | Found a faded altar of an unknown god.
  2204 | D:3      | Found a runed translucent door.
  2205 | D:3      | Noticed Crazy Yiuf
  2319 | D:3      | Killed Crazy Yiuf
  2479 | D:4      | Found a staircase to the Ecumenical Temple.
  2500 | Temple   | Entered the Ecumenical Temple
  2523 | Temple   | Became a worshipper of Gozag Ym Sagoz the Greedy
  2694 | D:4      | Found a burning altar of Makhleb.
  2749 | D:4      | Noticed an ogre
  3220 | D:4      | Noticed a phantom
  3227 | D:3      | Killed a phantom
  3228 | D:3      | Reached skill level 5 in Fighting
  3228 | D:3      | Reached XP level 6. HP: 52/56 MP: 6/6
  3260 | D:5      | Entered Level 5 of the Dungeon
  3273 | D:5      | Reached skill level 5 in Axes
  3284 | D:5      | Reached skill level 5 in Armour
  3286 | D:5      | Reached skill level 5 in Shields
  3557 | D:5      | Found an ancient bone altar of Kikubaaqudgha.
  4333 | D:5      | Reached XP level 7. HP: 50/61 MP: 7/7
  5082 | D:5      | Reached skill level 6 in Axes
  5482 | D:4      | Found a sacrificial altar of Ru.
  5533 | D:4      | Found a glowing silver altar of Zin.
  5547 | D:4      | Reached XP level 8. HP: 62/70 MP: 8/8
  6124 | D:4      | Found Mafrymif's Tiny Tomes.
  6967 | D:6      | Identified the +0 helmet of Inevitability {rElec}
  7009 | D:6      | Reached skill level 7 in Axes
  8303 | D:6      | Reached XP level 9. HP: 16/79 MP: 9/9
  8673 | D:7      | Reached skill level 8 in Axes
 10273 | D:7      | Reached skill level 9 in Axes
 10832 | D:8      | Reached XP level 10. HP: 90/91 MP: 10/10
 12183 | D:9      | Reached skill level 10 in Axes
 12869 | D:10     | Entered Level 10 of the Dungeon
 12988 | D:10     | Found a transporter.
 12993 | D:10     | Found a transporter.
 12995 | D:10     | Found a transporter.
 13031 | D:10     | Found a staircase to the Orcish Mines.
 13081 | D:10     | Found a transporter.
 13106 | D:10     | Reached skill level 10 in Fighting
 14029 | D:8      | Bought the amulet of the Four Winds {rN+ Will+++ Clar} for
                  | 910 gold pieces
 14029 | D:8      | Found the amulet of the Four Winds {rN+ Will+++ Clar}
 14294 | D:10     | Found a staircase to the Lair.
 14304 | D:10     | Reached skill level 11 in Axes
 14337 | D:10     | Reached XP level 11. HP: 25/101 MP: 11/11
 15365 | D:10     | Reached skill level 10 in Armour
 15365 | D:10     | Reached skill level 10 in Shields
 16118 | D:10     | Found a basalt altar of Yredelemnul.
 16427 | D:11     | Noticed a cyclops
 17155 | D:10     | Reached skill level 12 in Axes
 17737 | Lair:1   | Entered Level 1 of the Lair of Beasts
 17875 | D:8      | Bought the ring of Shadows {Umbra +Inv Stlth+} for 600 gold
                  | pieces
 17875 | D:8      | Found the ring of Shadows {Umbra +Inv Stlth+}
 18779 | Lair:1   | Reached XP level 12. HP: 88/112 MP: 12/12
 19655 | Lair:2   | Noticed a skyshark
 19681 | Lair:2   | Killed a skyshark
 19682 | Lair:2   | Reached skill level 13 in Axes
 20148 | Lair:2   | Noticed a death yak
 20148 | Lair:2   | Noticed a death yak
 20153 | Lair:2   | Noticed a death yak
 20434 | Lair:2   | Noticed a death yak
 20543 | D:11     | Found Ticvadoxt's Antique Armour Boutique.
 20589 | D:11     | Bought a runed chain mail for 270 gold pieces
 20898 | D:11     | Noticed a two-headed ogre
 20911 | D:11     | Killed a two-headed ogre
 21767 | D:11     | Found Vipec's Jewellery Shoppe.
 22040 | D:11     | Found Ifead's Jewellery Shoppe.
 22604 | D:12     | Noticed a two-headed ogre
 22619 | D:12     | Killed a two-headed ogre
 22680 | D:12     | Noticed a two-headed ogre
 22696 | D:12     | Killed a two-headed ogre
 24040 | D:13     | Found a runed translucent gate.
 24041 | D:13     | Found a runed translucent gate.
 24510 | D:13     | Found a runed translucent gate.
 24510 | D:13     | You fall into a shaft and drop 2 floors!
 24510 | D:15     | Entered Level 15 of the Dungeon
 24527 | D:15     | Noticed a tengu warrior
 24892 | D:15     | Noticed a two-headed ogre
 24906 | D:15     | Reached skill level 14 in Axes
 24916 | D:15     | Killed a two-headed ogre
 25025 | D:15     | Noticed a two-headed ogre
 25045 | D:15     | Killed a two-headed ogre
 25046 | D:15     | Reached XP level 13. HP: 74/122 MP: 13/13
 27800 | D:13     | Reached skill level 15 in Axes
 28454 | D:13     | Noticed Pusmoir's ghost (journeyman OpEE)
 30073 | Lair:2   | You fall into a shaft and drop 2 floors!
 30178 | Lair:4   | Reached XP level 14. HP: 133/133 MP: 14/14
 30428 | Lair:3   | Found a frozen archway.
 30757 | IceCv    | Entered an ice cave
 33960 | Lair:3   | Reached skill level 16 in Axes
 34351 | Lair:3   | Reached skill level 15 in Fighting
 34735 | Lair:3   | Noticed Fannar
 34759 | Lair:3   | Killed Fannar
 35051 | Lair:3   | Found a staircase to the Snake Pit.
 35519 | Lair:3   | Bought 2 bubbling grey potions for 55 gold pieces
 35519 | Lair:3   | Bought a faintly glowing helmet for 294 gold pieces
 35519 | Lair:3   | Identified the +2 helmet "Kymye" {rCorr Str+4 Int+2 Dex+2
                  | Stlth-} (You bought it in a shop on level 3 of the Lair of
                  | Beasts)
 35519 | Lair:3   | Bought a glowing broad axe for 217 gold pieces
 35812 | Lair:4   | Noticed Sonja
 35823 | Lair:4   | Killed Sonja
 35911 | Lair:4   | Found a runed translucent door.
 35916 | Lair:4   | Noticed lunkers's ghost (journeyman MeSh)
 36875 | Lair:4   | Killed lunkers's ghost
 36876 | Lair:4   | Reached skill level 1 in Stealth
 37116 | Lair:5   | Entered Level 5 of the Lair of Beasts
 37149 | Lair:5   | Found a viscous altar of Jiyva.
 37151 | Lair:5   | Found a staircase to the Slime Pits.
 37268 | Lair:5   | Noticed Snorg
 37282 | Lair:5   | Killed Snorg
 38028 | Lair:5   | Reached XP level 15. HP: 143/143 MP: 15/15
 38102 | Lair:5   | Reached skill level 5 in Stealth
 38133 | Lair:5   | Reached skill level 17 in Axes
 38656 | Lair:5   | HP: 6/143 [lindwurm (3)]
 38657 | Lair:5   | HP: 1/143 [lindwurm (5)]
 38658 | Lair:5   | Killed from afar by a lindwurm

Illustrated notes

Levels and vault maps discovered:
D:1:      spicycebolla_arrival_risky_transporter, layout_basic, st_stairs_3,
          amcnicky_mini_corridor_feature, minmay_door_square,
          minmay_misc_feat_hallway, minmay_indecisive_spiral
D:2:      layout_rooms, uniq_jessica
D:3:      layout_loops_ring, ebering_ecumenical_altar_abandoned,
          uniq_crazy_yiuf_cottage
D:4:      layout_loops_cross, old_standard_altar, old_standard_altar,
          nicolae_ru_awakened_eye, minmay_temple_entry_waves,
          nicolae_shop_i_like_small_books_too
D:5:      layout_cave_pools, nicolae_kikubaaqudgha_miasma_corner, st_stairs_11
D:6:      layout_basic, st_stairs_4, nicolae_letterblocks
          [nicolae_letter_subblock, nicolae_letter_subblock,
          nicolae_letter_subblock, nicolae_letter_subblock,
          nicolae_letter_subblock, nicolae_letter_subblock,
          nicolae_letter_subblock, nicolae_letter_subblock,
          nicolae_letter_subblock, nicolae_letter_subblock,
          nicolae_letter_subblock, nicolae_letter_subblock,
          nicolae_letter_subblock, nicolae_letter_subblock,
          nicolae_letter_subblock, nicolae_letter_subblock,
          nicolae_letter_subblock, nicolae_letter_subblock,
          nicolae_letter_subblock, nicolae_letter_subblock,
          nicolae_letter_subblock, nicolae_letter_subblock,
          nicolae_letter_subblock, nicolae_letter_subblock,
          nicolae_letter_subblock]
D:7:      layout_layer_cave
D:8:      layout_basic, st_stairs_11
D:9:      wad_river_or_something, layout_cross
D:10:     layout_roguey, lemuel_mausoleum_altar_yredelemnul,
          david_lair_shrubbed, zombieorc2_lemuel, nicolae_diode_quadrants
D:11:     layout_basic, serial_shops, nicolae_shop_just_a_little_nook, shop,
          nicolae_shop_window_shopping, kennysheep_nub, minmay_protected_statue
D:12:     layout_basic, serial_rivers, chequers_serial_rivers_micro_b,
          chequers_serial_rivers_small_b, chequers_serial_rivers_room_b,
          chequers_serial_rivers_small_a, chequers_serial_rivers_large_b,
          nicolae_wand_duel
D:13:     layout_cave_pools, ebering_ghost_rock_garden, minmay_shattered_shrine
D:14:     kennysheep_funnel, layout_basic, erik_vaults_2, uniq_jorgrun
D:15:     grunt_enter_depths_magical_seal, layout_stronghold
Temple:   bh_familiar_temple
Lair:1:   layout_chaotic_city, st_stairs_4
Lair:2:   layout_hall_layers, palyth_hydra_swamp_entry
Lair:3:   layout_cave_pods, alex1729_snake_entry_snake,
          portal_ice_cave_demonic_guard, serial_bayou_pond_e, st_stairs_13,
          lemuel_fruit_tree, uniq_fannar
Lair:4:   minmay_lair_oklob_tunnel, layout_cave_shapes,
          ebering_ghost_reflecting_pool, grunt_megastairs_5, uniq_sonja
Lair:5:   wormcave, layout_regular_city, hangedman_lair_in_review,
          slime_entry_2, kilobyte_rumbling_trees, uniq_snorg, uniq_nessos

Skill      XL: |  1  2  3  4  5  6  7  8  9 10 11 12 13 14 15 |
---------------+----------------------------------------------+-----
Axes           | 3 4 5 6 7 9 11 12 14 15 16 17 | 17.0
Fighting       | 4 5 6 7 9 10 11 13 14 15 | 15.8
Armour         | 4 5 6 8 9 10 12 13 14 | 14.6
Shields        | 4 5 6 8 9 10 12 13 14 | 14.6
Stealth        | 4 5 |  5.9

Action                     |  1- 3 |  4- 6 |  7- 9 | 10-12 | 13-15 || total
---------------------------+-------+-------+-------+-------+-------++-------
  Melee: War axe           |   104 |   137 |   238 |       |       ||   479
         Hand axe          |       |       |    88 |  1115 |  1208 ||  2411
         Broad axe         |       |       |       |       |    70 ||    70
 Invoke: Potion Petition   |       |       |     1 |       |     1 ||     2
         Call Merchant     |       |       |       |     1 |     2 ||     3
  Evoke: Wand              |       |     3 |     4 |    24 |   106 ||   137
    Use: Scroll            |     3 |    10 |     2 |    18 |    13 ||    46
         Potion            |       |       |     3 |     6 |     3 ||    12
   Stab: Invisible         |       |     1 |       |     9 |     3 ||    13
         Distracted        |       |       |     2 |     1 |     2 ||     5
 Armour: Scale mail        |    83 |   117 |    37 |       |       ||   237
         Chain mail        |       |       |   245 |   806 |   836 ||  1887
         Skin              |       |       |       |       |     4 ||     4
  Dodge: Dodged            |    58 |   105 |   156 |   371 |   332 ||  1022
  Block: Buckler           |    33 |    39 |   133 |   365 |   414 ||   984

Table legend: (Time is in decaauts)
 A = Elapsed time spent in this place.
 B = Non-inter-level travel time spent in this place.
 C = Inter-level travel time spent in this place.
 D = Time resting spent in this place.
 E = Time spent auto-exploring this place.
 F = Levels seen in this place.
 G = Mean time per level.
                   A        B        C        D        E       F      G
               +--------+--------+--------+--------+--------+-----+--------+
         Total |  38054 |  37089 |    965 |  16327 |  14542 |  22 | 1729.7 |
       Dungeon |  26076 |  25302 |    774 |  11387 |   9812 |  15 | 1738.4 |
        Temple |     45 |      1 |     44 |      0 |      0 |   1 |   45.0 |
          Lair |   8941 |   8794 |    147 |   2581 |   4714 |   5 | 1788.2 |
      Ice Cave |   2990 |   2990 |      0 |   2359 |     16 |   1 | 2990.0 |
               +--------+--------+--------+--------+--------+-----+--------+

Top non-repeatable levels by time:
    D:10: 4513 daAuts
   IceCv: 2990 daAuts
     D:5: 2408 daAuts
     D:7: 2235 daAuts
  Lair:3: 2114 daAuts
    D:12: 2074 daAuts
  Lair:1: 1910 daAuts
     D:6: 1865 daAuts
    D:13: 1853 daAuts
     D:8: 1837 daAuts
  Lair:2: 1771 daAuts
    D:11: 1740 daAuts
  Lair:4: 1722 daAuts
     D:3: 1529 daAuts
  Lair:5: 1423 daAuts
